 Dungeon Crawl Stone Soup version 0.31.0-9-g3a7656b989 (webtiles) character file.

Game seed: 17811074776275553539

46 qw the Shooter (level 3, -5/20 HPs)
             Began as a Deep Elf Hunter on Feb 2, 2024.
             Slain by Terence
             ... wielding a +0 trident
              (6 damage)
             ... on level 2 of the Dungeon.
             The game lasted 00:00:03 (779 turns).

qw the Shooter (Deep Elf Hunter)                     Turns: 779, Time: 00:00:04

Health: -5/20      AC:  3    Str: 10    XL:     3   Next: 44%
Magic:  5/5        EV: 12    Int: 13    God:
Gold:   85         SH:  0    Dex: 18    Spells: 2/2 levels left

rFire   . . .        a - +0 shortbow
rCold   . . .        (shield currently unavailable)
rNeg    . . .        c - +0 leather armour
rPois   .            (no helmet)
rElec   .            (no cloak)
rCorr   .            (no gloves)
SInv    .            (no boots)
Will    .....        (no amulet)
Stlth   ++           (no ring)
HPRegen 0.23/turn    (no ring)
MPRegen 0.09/turn

%: no passive effects
@: no status effects
A: no striking features
a: no special abilities


You were on level 2 of the Dungeon.
You visited 1 branch of the dungeon, and saw 2 of its levels.

You collected 85 gold pieces.


   Skills:
 - Level 1.5 Fighting
 + Level 7.0 Ranged Weapons
 - Level 2.4 Dodging
 - Level 1.2 Stealth


You had 2 spell levels left.
You didn't know any spells.
Your spell library was empty.

Inventory:

Hand Weapons
 a - a +0 shortbow (weapon)
Armour
 c - a +0 leather armour (worn)
Jewellery
 b - an amulet of faith
Scrolls
 d - a scroll of identify
 i - a scroll of enchant armour
Potions
 e - a potion of enlightenment {unknown}
 f - a potion of heal wounds {unknown}
 g - a potion of resistance {unknown}
 h - a potion of brilliance {unknown}

Dungeon Overview and Level Annotations

Branches:
Dungeon (2/15)

Altars:

Annotations:
D:2 Robin, Terence


Message History

You shoot an arrow. The arrow barely misses Terence.
You shoot an arrow. The arrow barely misses Terence.
Terence barely misses you.
You shoot an arrow. The arrow closely misses Terence.
Terence hits you from afar with a +0 trident.
You shoot an arrow. The arrow hits Terence.
Terence is heavily wounded.
Terence closely misses you.
You shoot an arrow. The arrow closely misses Terence.
Terence barely misses you.
You shoot an arrow. The arrow hits Terence.
Terence is severely wounded.
Terence completely misses you.
You shoot an arrow. The arrow barely misses Terence.
Terence barely misses you.
You shoot an arrow.
The arrow hits Terence but does no damage.
Terence is severely wounded.
You hear a shout!
Terence closely misses you.
Robin of the Strong Arm comes into view.
They are wielding a +0 dagger.
You hear a shout! x5
You shoot an arrow.
The arrow hits Terence but does no damage.
Terence is severely wounded.
Terence hits you from afar with a +0 trident!
Ouch! That really hurt!
You shoot an arrow. The arrow hits Terence.
Terence is almost dead.
Robin roars a battlecry!
Terence hits you from afar with a +0 trident!
You hear a shout!
You shoot an arrow. The arrow closely misses Terence.
Terence hits you from afar with a +0 trident.
You shoot an arrow.
The arrow hits Terence but does no damage.
Terence is almost dead.
Terence hits you from afar with a +0 trident.
You die...
Terence says, "Time to find some more victims."

#...8# #.#
#.#.##.P..##. ....8#
#.# #.#..........
#...8####.###.##.....##
####....>............#
######..##.#...}..###.
#..##.##.........
#..##.##.........
#.....###..#.....
##.#..g$@..#.....
.#.#####@# .... ?# #
....... ....... #..8..
..... .....


You could see Terence and Robin.

Vanquished Creatures
  3 ball pythons (D:1)
  8 bats (D:1)
  A bat skeleton (D:2)
  A bat zombie (D:2)
  2 endoplasms (D:1)
  5 giant cockroaches (D:1)
  6 goblins (D:1)
  2 hobgoblins
  4 kobolds
  A ball python skeleton (D:2)
  A ball python zombie (D:2)
  A quokka zombie (D:2)
  7 rats
42 creatures vanquished.

Notes
Turn   | Place    | Note
-------+----------+-------------------------------------------
     0 | D:1      | qw the Deep Elf Hunter began the quest for the Orb.
     0 | D:1      | Reached XP level 1. HP: 12/12 MP: 3/3
     0 | D:1      | 0 ||| qw: Version: 0.3-a-155-g5e7d8dd
     0 | D:1      | 0 ||| qw: Game counter: 2487
     0 | D:1      | 0 ||| qw: Melee chars always use a shield: true
     0 | D:1      | 0 ||| qw: God list: Okawaru
     0 | D:1      | 0 ||| qw: Allow faded altars: false
     0 | D:1      | 0 ||| qw: Do Orc after clearing Dungeon:15 true
     0 | D:1      | 0 ||| qw: Do second Lair branch before Depths: true
     0 | D:1      | 0 ||| qw: Lair rune preference: random
     0 | D:1      | 0 ||| qw: Goals: Normal
     0 | D:1      | 0 ||| PLANNING D:1-11
    76 | D:1      | Reached skill level 6 in Ranged Weapons
    76 | D:1      | Reached XP level 2. HP: 16/16 MP: 4/4
   241 | D:1      | Reached XP level 3. HP: 20/20 MP: 5/5
   527 | D:1      | 527 ||| READING scroll labelled QYCROED BANKOG WOO.
   528 | D:1      | 528 ||| READING scroll labelled NUDYW CANYC.
   529 | D:1      | 529 ||| READING scroll labelled HIOS VIWEJYOG.
   530 | D:1      | 530 ||| READING scroll labelled CIYTIU ZAWU.
   530 | D:1      | 530 ||| IDENTIFYING fizzy silvery potion
   531 | D:1      | 531 ||| READING scroll labelled WOSOLER NEPHUUL.
   531 | D:1      | 531 ||| ENCHANTING +0 shortbow.
   532 | D:1      | 532 ||| DROPPING scroll of butterflies.
   533 | D:1      | 533 ||| DROPPING potion of ambrosia.
   744 | D:2      | Reached skill level 7 in Ranged Weapons
   763 | D:2      | Noticed Terence
   775 | D:2      | Noticed Robin
   777 | D:2      | HP: 3/20 [Terence/+0 trident (7)]
   778 | D:2      | HP: 1/20 [Terence/+0 trident (3)]
   779 | D:2      | Slain by Terence

Levels and vault maps discovered:
D:1:      dpeg_arrival_subterranean_lakeside_camping, layout_basic
D:2:      layout_loops_ring, serial_undead, serial_undead_f, serial_undead_c,
          serial_undead_b, serial_undead_f, serial_undead_d, solitary_fountain,
          uniq_terence, uniq_robin

Skill      XL: |  1  2  3 |
---------------+----------+-----
Ranged Weapons | 6 7 |  7.0
Fighting       | |  1.5
Dodging        | |  2.4
Stealth        | |  1.2

Action                     || total
---------------------------++-------
   Fire: Shortbow          ||   104
    Use: Scroll            ||     5
 Armour: Leather armour    ||    17
  Dodge: Dodged            ||    28

Table legend:
 A = Non-vault XP
 B = Vault XP
 C = Vault XP percentage of total XP
 D = Non-vault monster count
 E = Vault monster count
 F = Vault count percentage of total count
                 A         B        C        D         E       F
            +---------+---------+-------+---------+---------+-------
      Total |      50 |      16 |  24.2 |      31 |      11 |  26.2
            +---------+---------+-------+---------+---------+-------
        D:1 |      46 |       9 |  16.4 |      28 |       6 |  17.6
        D:2 |       4 |       7 |  63.6 |       3 |       5 |  62.5
            +---------+---------+-------+---------+---------+-------
